[Event "ICC tourney 2533 (25 5)"]
[Site "Internet Chess Club"]
[Date "2021.04.24"]
[Round "3"]
[White "CHAKRAVARTY, ARITRO:K09-16061277"]
[Black "WILLIAM HALL, STEWART:K09-15065861"]
[Result "1-0"]
[ICCResult "Black resigns"]
[WhiteElo "1886"]
[BlackElo "1427"]
[Opening "Queen's pawn: Charlick (Englund) gambit"]
[ECO "A40"]
[NIC "QO.17"]
[Time "15:12:15"]
[PlyCount "81"]
[TimeControl "1500+5"]

1. d4 e5 2. dxe5 Nc6 3. Nf3 Qe7 4. Nc3 Nxe5 5. Nd5 Nxf3+ 6. gxf3 Qd8 7. e4
Nf6 8. Bg5 Be7 9. Nxe7 Qxe7 10. Qd2 d5 11. O-O-O dxe4 12. fxe4 h6 13. Bh4
g5 14. Bg3 Bg4 15. Bb5+ c6 16. Be2 Bxe2 17. Qxe2 O-O 18. Bd6 Qxe4 19. Qxe4
Nxe4 20. Bxf8 Nxf2 21. Bxh6 Nxh1 22. Rxh1 f6 23. h4 Kf7 24. hxg5 fxg5 25.
Bxg5 Rg8 26. Be3 b6 27. Rh7+ Rg7 28. Rxg7+ Kxg7 29. Kd2 Kf6 30. Kd3 Ke5 31.
a4 Kd5 32. c4+ Kd6 33. Ke4 Ke6 34. Bf4 Kd7 35. b4 Kc8 36. b5 Kd7 37. Bb8
Kc8 38. Bxa7 Kb7 39. bxc6+ Kxc6 40. Bxb6 Kxb6 41. Kd5 { Black resigns } 1-0

[Event "ICC tourney 2533 (25 5)"]
[Site "Internet Chess Club"]
[Date "2021.04.24"]
[Round "3"]
[White "MAITI, VEDANT:K09-16844427"]
[Black "JAIN, RAJNEESH:K09-16887466"]
[Result "1-0"]
[ICCResult "Black checkmated"]
[WhiteElo "628"]
[BlackElo "1246"]
[Opening "Queen's pawn game"]
[ECO "E20"]
[NIC "QP.07"]
[Time "15:14:45"]
[PlyCount "61"]
[TimeControl "1500+5"]

1. d4 Nf6 2. c4 e6 3. Nc3 b6 4. e4 d6 5. f4 Bb7 6. Bd3 Nbd7 7. Be3 c5 8. d5
e5 9. fxe5 Nxe5 10. Nf3 Neg4 11. Bg5 h6 12. Bxf6 Qxf6 13. O-O Ne3 14. Qe2
Nxf1 15. Rxf1 Be7 16. e5 dxe5 17. Nxe5 Qh4 18. Rxf7 Qd4+ 19. Kh1 Rf8 20.
Rxe7+ Kd8 21. Rxb7 Qf4 22. Ng6 Qc1+ 23. Qd1 Qxd1+ 24. Nxd1 Re8 25. h3 Re1+
26. Kh2 Rxd1 27. Bf5 Re1 28. Rxg7 Rb8 29. Nf4 Re8 30. Ne6+ Kc8 31. Rc7# {
Black checkmated } 1-0

[Event "ICC tourney 2533 (25 5)"]
[Site "Internet Chess Club"]
[Date "2021.04.24"]
[Round "3"]
[White "SIRAVURI, ARYAN:K09-15570085"]
[Black "KASI, ARUNACHALAM:K09-16244965"]
[Result "0-1"]
[ICCResult "White checkmated"]
[WhiteElo "104"]
[BlackElo "1291"]
[Opening "Caro-Kann: advance variation"]
[ECO "B12"]
[NIC "CK.04"]
[Time "15:12:47"]
[PlyCount "112"]
[TimeControl "1500+5"]

1. e4 c6 2. d4 d5 3. e5 Bf5 4. Nf3 e6 5. Nc3 c5 6. Be2 Nc6 7. Be3 c4 8. b3
Bb4 9. Bd2 Qa5 10. Nb1 cxb3 11. cxb3 Nge7 12. Bxb4 Nxb4 13. O-O Nc2 14.
Nbd2 Nxa1 15. Qxa1 O-O 16. Rc1 Rac8 17. Rxc8 Rxc8 18. h3 Qc3 19. Qf1 Qc1
20. Qxc1 Rxc1+ 21. Nf1 Rc2 22. Bd1 Rxa2 23. N3d2 Bd3 24. Kh1 Ra1 25. Bg4
Bxf1 26. Nxf1 Rxf1+ 27. Kh2 Rxf2 28. Kg3 Rd2 29. Bf3 Rd3 30. b4 Rxf3+ 31.
gxf3 Kf8 32. Kg4 Ke8 33. Kh5 Ng6 34. Kg5 Kd7 35. h4 h6+ 36. Kg4 Kc6 37. h5
Ne7 38. f4 Nf5 39. Kf3 Kb5 40. Kg2 Kxb4 41. Kf3 a5 42. Ke2 a4 43. Kd2 a3
44. Kc2 Nxd4+ 45. Kb1 Kc4 46. Ka2 Ne2 47. Kxa3 Kc3 48. Ka2 Kc2 49. Ka1 d4
50. Ka2 d3 51. Ka1 d2 52. Ka2 d1=Q 53. Ka3 Qb1 54. Ka4 Kc3 55. Ka5 Kc4 56.
Ka4 Qb4# { White checkmated } 0-1

[Event "ICC tourney 2533 (25 5)"]
[Site "Internet Chess Club"]
[Date "2021.04.24"]
[Round "3"]
[White "MAHAJAN, EASHAN:K09-16803522"]
[Black "MADABUSHI, RAGHAVAN:K09-15400603"]
[Result "0-1"]
[ICCResult "White resigns"]
[WhiteElo "885"]
[BlackElo "1412"]
[Opening "Philidor: Nimzovich variation"]
[ECO "C43"]
[NIC "RG.01"]
[Time "15:15:13"]
[PlyCount "30"]
[TimeControl "1500+5"]

1. e4 e5 2. Nf3 Nf6 3. d4 d6 4. dxe5 Nxe4 5. Bd3 Nc5 6. exd6 Nxd3+ 7. Qxd3
Bxd6 8. Nc3 Nc6 9. O-O Be6 10. Qb5 Qd7 11. Qxb7 Rb8 12. Qa6 O-O 13. Be3
Rxb2 14. Nb5 Bc4 15. Qa4 Bxb5 { White resigns } 0-1

[Event "ICC tourney 2533 (25 5)"]
[Site "Internet Chess Club"]
[Date "2021.04.24"]
[Round "3"]
[White "O NICHOLAS, CLARK:K09-14687296"]
[Black "ZENG, LUCY:K09-17101736"]
[Result "0-1"]
[ICCResult "White checkmated"]
[WhiteElo "224"]
[BlackElo "1228"]
[Opening "Queen's pawn game, Chigorin variation"]
[ECO "D02"]
[NIC "QP.08"]
[Time "15:15:03"]
[PlyCount "40"]
[TimeControl "1500+5"]

1. d4 d5 2. Nf3 Nc6 3. e3 Nf6 4. c4 e6 5. cxd5 exd5 6. Bb5 Bd7 7. O-O Bd6
8. Nc3 a6 9. Bxc6 Bxc6 10. Re1 O-O 11. Qc2 h6 12. e4 dxe4 13. Nxe4 Re8 14.
Nxf6+ Qxf6 15. d5 Bxd5 16. Rxe8+ Rxe8 17. Qd3 Bxf3 18. gxf3 Qh4 19. Bd2
Qxh2+ 20. Kf1 Qh1# { White checkmated } 0-1

[Event "ICC tourney 2533 (25 5)"]
[Site "Internet Chess Club"]
[Date "2021.04.24"]
[Round "3"]
[White "VIJAY HIMAGHNA SISTA, SAI:K09-17280467"]
[Black "SATHISH, PRANAV:K09-16464655"]
[Result "0-1"]
[ICCResult "White resigns"]
[WhiteElo "435"]
[BlackElo "1768"]
[Opening "Sicilian: Labourdonnais-Löwenthal variation"]
[ECO "B32"]
[NIC "SI.32"]
[Time "15:12:43"]
[PlyCount "77"]
[TimeControl "1500+5"]

1. e4 c5 2. Nf3 Nc6 3. d4 cxd4 4. Nxd4 e5 5. Nf3 Nf6 6. Nc3 Bb4 7. Bc4 O-O
8. Bg5 h6 9. Bh4 Qa5 10. O-O Bxc3 11. bxc3 Nxe4 12. Qd5 Qxd5 13. Bxd5 Nxc3
14. Bxc6 dxc6 15. Nxe5 Be6 16. f4 f6 17. Ng6 Rfe8 18. f5 Bxa2 19. Rf3 Ne2+
20. Kf2 Bd5 21. Re3 Nd4 22. Rae1 Rxe3 23. Rxe3 Nxf5 24. Ne7+ Nxe7 25. Rxe7
b5 26. g4 a5 27. Re1 a4 28. Ke3 a3 29. Kd4 Ra4+ 30. Kc3 Rxg4 31. Bg3 b4+
32. Kd3 c5 33. c3 c4+ 34. Kd2 b3 35. Re8+ Kf7 36. Re1 b2 37. Bd6 a2 38.
Re7+ Kg6 39. Re1 { White resigns } 0-1

[Event "ICC tourney 2533 (25 5)"]
[Site "Internet Chess Club"]
[Date "2021.04.24"]
[Round "3"]
[White "LEYTE VIDAL, ABIGAIL:K09-17196864"]
[Black "KUMAR MULPURI, PARTHIV:K09-16906012"]
[Result "0-1"]
[ICCResult "White checkmated"]
[WhiteElo "210"]
[BlackElo "1006"]
[Opening "Réti opening"]
[ECO "A04"]
[NIC "QP.11"]
[Time "15:12:28"]
[PlyCount "64"]
[TimeControl "1500+5"]

1. Nf3 Nc6 2. e3 e6 3. d4 d5 4. Be2 g6 5. Bd2 Bg7 6. O-O Nf6 7. Na3 O-O 8.
Ng5 e5 9. Bb4 Nxb4 10. c3 Nc6 11. Bf3 e4 12. Be2 h6 13. Nxf7 Rxf7 14. Nb5
a6 15. Na3 Nh7 16. Nc4 dxc4 17. Bxc4 Qe7 18. Qb3 Nd8 19. Bxf7+ Nxf7 20. f3
exf3 21. Rxf3 Ng5 22. Rf2 Qxe3 23. Rf1 Kh7 24. d5 Ne4 25. c4 Qxb3 26. axb3
Bd4 27. g3 Bh3 28. Re1 Nxf2 29. Re7 Rf8 30. Rxc7 Kg8 31. Rxb7 Ng5 32. d6
Nf3# { White checkmated } 0-1

[Event "ICC tourney 2533 (25 5)"]
[Site "Internet Chess Club"]
[Date "2021.04.24"]
[Round "3"]
[White "SARVASYA, VIKAS:K09-15488033"]
[Black "ZHOU, ATHENA:K09-17305940"]
[Result "1-0"]
[ICCResult "Black resigns"]
[WhiteElo "1187"]
[BlackElo "625"]
[Opening "Ruy Lopez (Spanish opening)"]
[ECO "C60"]
[NIC "RL.01"]
[Time "15:14:28"]
[PlyCount "111"]
[TimeControl "1500+5"]

1. e4 e5 2. Nf3 Nc6 3. Bb5 Bd6 4. c3 Nf6 5. d3 O-O 6. O-O h6 7. Re1 Re8 8.
d4 exd4 9. Bxc6 dxc6 10. e5 Bc5 11. exf6 Rxe1+ 12. Qxe1 Qxf6 13. cxd4 Bxd4
14. Qe8+ Kh7 15. Qe4+ g6 16. Qxd4 Qd6 17. Qxd6 cxd6 18. Nc3 Bf5 19. Be3 a6
20. Rd1 d5 21. Na4 Bc2 22. Rd4 Re8 23. Nb6 Bf5 24. h3 h5 25. Ng5+ Kg7 26.
Rb4 f6 27. Nf3 g5 28. Na4 b5 29. Nc5 g4 30. hxg4 hxg4 31. Nd4 Bc8 32. Nxc6
Rh8 33. g3 f5 34. Ne7 Kf7 35. Nxc8 Rxc8 36. Nxa6 Ra8 37. Nc7 Rxa2 38. Nxd5
Ra1+ 39. Kg2 Ke6 40. Nf4+ Kf6 41. Rxb5 Ra6 42. Rb6+ Rxb6 43. Bxb6 Ke5 44.
Be3 Ke4 45. b4 Ke5 46. b5 Kd6 47. b6 Kc6 48. Kf1 Kb7 49. Ke2 Kc6 50. Kd3
Kb7 51. Kc4 Kc6 52. Nh5 f4 53. Nxf4 Kb7 54. Kd5 Kb8 55. Ke6 Kb7 56. Kf5 {
Black resigns } 1-0

[Event "ICC tourney 2533 (25 5)"]
[Site "Internet Chess Club"]
[Date "2021.04.24"]
[Round "3"]
[White "ISAAC JENKINS, MATTHEW:K09-16814454"]
[Black "MENON, ROHAN:K09-17197867"]
[Result "0-1"]
[ICCResult "White checkmated"]
[WhiteElo "1302"]
[BlackElo "741"]
[Opening "Caro-Kann: anti-Caro-Kann defense"]
[ECO "A11"]
[NIC "EO.64"]
[Time "15:12:39"]
[PlyCount "122"]
[TimeControl "1500+5"]

1. c4 c6 2. e4 e6 3. Nc3 Bb4 4. Nge2 Ne7 5. d3 O-O 6. g3 d5 7. cxd5 cxd5 8.
a3 Bxc3+ 9. Nxc3 d4 10. Ne2 Nbc6 11. Bg2 Qb6 12. O-O Bd7 13. b4 a5 14. Bb2
axb4 15. axb4 Rxa1 16. Qxa1 Nxb4 17. Bxd4 Qb5 18. Nc3 Qxd3 19. Bc5 Nc2 20.
Qb2 Rc8 21. Bxe7 Qxc3 22. Qxb7 Qc6 23. Qxc6 Bxc6 24. Rc1 Nd4 25. e5 Ne2+
26. Kf1 Nxc1 27. Bxc6 Rxc6 28. Bd6 Nd3 29. Kg2 f6 30. f4 fxe5 31. fxe5 Nc5
32. Kf3 Nd7 33. Ke4 Kf7 34. Kd4 g5 35. h4 gxh4 36. gxh4 Ra6 37. h5 Ra4+ 38.
Ke3 Rh4 39. Kf3 Rxh5 40. Kf4 Rf5+ 41. Kg4 Nxe5+ 42. Kg3 Rf3+ 43. Kg2 Rf5
44. Kg3 h5 45. Kh4 Nf3+ 46. Kh3 e5 47. Kg3 h4+ 48. Kh3 Rg5 49. Bxe5 Rxe5
50. Kg2 Ng5 51. Kh2 Re2+ 52. Kh1 h3 53. Kg1 Nf3+ 54. Kf1 h2 55. Kxe2 h1=Q
56. Kf2 Kf6 57. Ke3 Kf5 58. Kf2 Nd4 59. Ke3 Ke5 60. Kd3 Qd1+ 61. Ke3 Qe2# {
White checkmated } 0-1

[Event "ICC tourney 2533 (25 5)"]
[Site "Internet Chess Club"]
[Date "2021.04.24"]
[Round "3"]
[White "PANJWANI, IMAD:K09-16510285"]
[Black "GARAG, SHASHANK:K09-17125451"]
[Result "1-0"]
[ICCResult "Black resigns"]
[WhiteElo "1237"]
[BlackElo "712"]
[Opening "English: four knights, Capablanca variation"]
[ECO "A20"]
[NIC "EO.07"]
[Time "15:13:06"]
[PlyCount "113"]
[TimeControl "1500+5"]

1. c4 e5 2. d3 Nc6 3. Nf3 Nf6 4. Nc3 Bc5 5. g3 O-O 6. Bg2 h6 7. O-O d6 8.
a3 Bg4 9. b4 Bd4 10. Nxd4 exd4 11. Nd5 Nxd5 12. Bxd5 Qd7 13. Re1 Bh3 14.
Bb2 Qg4 15. b5 Ne5 16. Bxb7 Rab8 17. Bg2 Bxg2 18. Kxg2 c6 19. f3 Qf5 20. a4
c5 21. a5 a6 22. b6 Qd7 23. Bc1 d5 24. Bf4 f6 25. cxd5 Qxd5 26. Rb1 Rb7 27.
Qb3 Qxb3 28. Rxb3 Nc6 29. Rc1 Nxa5 30. Ra3 g5 31. Rxa5 gxf4 32. gxf4 Rxb6
33. Rcxc5 Re8 34. Rc2 Re7 35. Rc8+ Kf7 36. Rc2 Re3 37. Rca2 Ree6 38. f5
Rec6 39. Kg3 Rc8 40. Rxa6 Rxa6 41. Rxa6 Rg8+ 42. Kf2 Kg7 43. Ra4 Rd8 44. f4
Kh7 45. Kf3 Rd5 46. Ke4 Rd6 47. Rxd4 Rxd4+ 48. Kxd4 h5 49. h4 Kg7 50. e4
Kf7 51. Kd5 Ke7 52. e5 fxe5 53. fxe5 Kf7 54. e6+ Kf6 55. Kd6 Kg7 56. e7 Kf7
57. Kd7 { Black resigns } 1-0

[Event "ICC tourney 2533 (25 5)"]
[Site "Internet Chess Club"]
[Date "2021.04.24"]
[Round "3"]
[White "MADIRAJU, RISHI:K09-16477316"]
[Black "GIORGIO TESSIORE, LUCA:K09-17347744"]
[Result "0-1"]
[ICCResult "White checkmated"]
[WhiteElo "1496"]
[BlackElo "1914"]
[Opening "Queen's Indian: 4.Nc3"]
[ECO "E12"]
[NIC "NI.26"]
[Time "15:13:28"]
[PlyCount "46"]
[TimeControl "1500+5"]

1. Nf3 Nf6 2. d4 e6 3. c4 b6 4. Nc3 Bb4 5. Bg5 Bb7 6. a3 Bxc3+ 7. bxc3 O-O
8. e3 d6 9. Bd3 Nbd7 10. O-O h6 11. Bh4 Qe8 12. Re1 Ne4 13. Qc2 f5 14. a4
a5 15. Nd2 Qh5 16. Nxe4 Qxh4 17. Ng3 Rae8 18. d5 Nc5 19. dxe6 Nxd3 20. Qxd3
Rxe6 21. Nxf5 Qf6 22. Nd4 Qxf2+ 23. Kh1 Bxg2# { White checkmated } 0-1

[Event "ICC tourney 2533 (25 5)"]
[Site "Internet Chess Club"]
[Date "2021.04.24"]
[Round "3"]
[White "MAXIMILIAN RUIZ, ANTHONY:K09-17237494"]
[Black "HERKER, JASON:K09-15806028"]
[Result "1-0"]
[ICCResult "Black checkmated"]
[WhiteElo "1079"]
[BlackElo "229"]
[Opening "Queen's pawn, Mason variation"]
[ECO "D00"]
[NIC "QP.08"]
[Time "15:14:06"]
[PlyCount "61"]
[TimeControl "1500+5"]

1. d4 d5 2. Bf4 c6 3. c3 Nf6 4. Nd2 Bf5 5. e3 g6 6. Ngf3 Bg7 7. Be2 Nbd7 8.
O-O O-O 9. c4 Nb6 10. c5 Nbd7 11. Qb3 Rb8 12. Bd3 Bxd3 13. Qxd3 b6 14. Bxb8
Qxb8 15. Rab1 bxc5 16. Ne5 Nxe5 17. dxe5 Nd7 18. Nf3 c4 19. Qa3 Nxe5 20.
Nxe5 Qxe5 21. f4 Qe4 22. Qxa7 e5 23. fxe5 Bxe5 24. b3 Rb8 25. Qxf7+ Kh8 26.
Rf2 Qxb1+ 27. Rf1 Qe4 28. Qe6 Qxe3+ 29. Kh1 Rb7 30. Qc8+ Kg7 31. Qf8# {
Black checkmated } 1-0

[Event "ICC tourney 2533 (25 5)"]
[Site "Internet Chess Club"]
[Date "2021.04.24"]
[Round "3"]
[White "JAIN, ARYAN:K09-16802032"]
[Black "GANESH, SAANJALI:K09-15003445"]
[Result "1-0"]
[ICCResult "Black resigns"]
[WhiteElo "1191"]
[BlackElo "639"]
[Opening "Giuoco Piano"]
[ECO "C54"]
[NIC "IG.02"]
[Time "15:12:16"]
[PlyCount "107"]
[TimeControl "1500+5"]

1. e4 e5 2. Nf3 Nc6 3. Bc4 Bc5 4. c3 Nf6 5. d4 exd4 6. e5 Ne4 7. Bd5 O-O 8.
Bxe4 d5 9. Bd3 Qe8 10. Bf4 f6 11. O-O fxe5 12. Bg3 e4 13. Re1 Qg6 14. Nh4
Qf7 15. Bb5 a6 16. Bxc6 bxc6 17. cxd4 Bb4 18. Nc3 Rb8 19. f3 c5 20. fxe4
dxe4 21. Rxe4 Rb6 22. Rf4 Rf6 23. Rxf6 Qxf6 24. Qf3 Qxd4+ 25. Bf2 Qd2 26.
Qd5+ Qxd5 27. Nxd5 Bd2 28. Ne7+ Kf7 29. Nxc8 Rxc8 30. Bxc5 Re8 31. Rf1+ Ke6
32. Nf3 Be3+ 33. Bxe3 Kf5 34. Kf2 g5 35. Re1 g4 36. Nh4+ Ke4 37. Bd2+ Kd3
38. Rxe8 Kxd2 39. Rh8 c5 40. Rc8 a5 41. Rxc5 a4 42. Ra5 Kc2 43. Rxa4 Kxb2
44. Rxg4 Kxa2 45. Rb4 h5 46. Ke2 Ka3 47. Rb8 Ka4 48. Kd3 Ka5 49. Kc4 Ka6
50. Kc5 Ka7 51. Rb3 Ka6 52. Rb1 Ka7 53. Kc6 Ka8 54. Kc7 { Black resigns }
1-0

[Event "ICC tourney 2533 (25 5)"]
[Site "Internet Chess Club"]
[Date "2021.04.24"]
[Round "3"]
[White "ROGER JONES, DANIEL:K09-16813540"]
[Black "XINZHE ZHANG, ALEXANDER:K09-16588540"]
[Result "0-1"]
[ICCResult "White checkmated"]
[WhiteElo "684"]
[BlackElo "1297"]
[Opening "Dutch"]
[ECO "A80"]
[NIC "HD.12"]
[Time "15:14:19"]
[PlyCount "90"]
[TimeControl "1500+5"]

1. d4 f5 2. Nf3 Nf6 3. Bg5 e6 4. c4 c6 5. Nc3 d5 6. h3 h6 7. Bf4 Be7 8. Be5
Nbd7 9. Bxf6 Bxf6 10. Ne5 Nxe5 11. dxe5 Bxe5 12. e3 O-O 13. Be2 Bd7 14. Bh5
Be8 15. g4 Bxh5 16. gxh5 Qf6 17. Rc1 Rfd8 18. Rg1 dxc4 19. f4 Rxd1+ 20.
Rxd1 Bxc3+ 21. bxc3 Qxc3+ 22. Ke2 Qb2+ 23. Rd2 Qf6 24. Rgd1 Rb8 25. Kf3 Kf8
26. Kg3 Ke8 27. Rd7 c3 28. R7d4 e5 29. fxe5 Qxe5+ 30. Kf3 Qh2 31. e4 Qxh3+
32. Kf4 Qg4+ 33. Ke3 c2 34. Rc1 Qg5+ 35. Ke2 Qxc1 36. exf5 Rd8 37. Re4+ Kf8
38. Rc4 Qd1+ 39. Kf2 c1=Q 40. Rxc1 Qxc1 41. Kg3 Rd4 42. Kf3 Qe1 43. Kg2 Qe3
44. Kh2 Rd2+ 45. Kh1 Qe1# { White checkmated } 0-1

[Event "ICC tourney 2533 (25 5)"]
[Site "Internet Chess Club"]
[Date "2021.04.24"]
[Round "3"]
[White "BYRD, JONATHAN:K09-15330261"]
[Black "MULLINIX, NICHOLAS:K09-17060845"]
[Result "1-0"]
[ICCResult "Black resigns"]
[WhiteElo "952"]
[BlackElo "221"]
[Opening "King's pawn game"]
[ECO "C50"]
[NIC "IG.03"]
[Time "15:13:46"]
[PlyCount "71"]
[TimeControl "1500+5"]

1. e4 e5 2. Nf3 Nc6 3. Bc4 h6 4. O-O Nf6 5. d3 Be7 6. Be3 O-O 7. Nc3 d6 8.
h3 Bd7 9. Nd5 Nxd5 10. exd5 Nb4 11. c3 Na6 12. Qb3 Rb8 13. Bxa7 Ra8 14.
Qxb7 Nc5 15. Bxc5 dxc5 16. Nxe5 Rb8 17. Qa6 Rb6 18. Qa3 Qb8 19. Nxd7 Qb7
20. Nxb6 cxb6 21. b4 Rb8 22. bxc5 bxc5 23. Rab1 Qc7 24. Rxb8+ Qxb8 25. Qb3
Qd6 26. a4 Bd8 27. d4 Bc7 28. f4 cxd4 29. cxd4 g5 30. Qg3 f6 31. h4 Qe7 32.
hxg5 hxg5 33. Re1 Qd8 34. Bd3 Bxf4 35. Qh3 Kf8 36. Qh8+ { Black resigns }
1-0

[Event "ICC tourney 2533 (25 5)"]
[Site "Internet Chess Club"]
[Date "2021.04.24"]
[Round "3"]
[White "WILLIAM WHITE, CHARLES:K09-17140270"]
[Black "ZHOU, ARTHUR:K09-17305955"]
[Result "1-0"]
[ICCResult "Black resigns"]
[WhiteElo "857"]
[BlackElo "105"]
[Opening "Queen's pawn game"]
[ECO "D00"]
[NIC "QP.08"]
[Time "15:15:50"]
[PlyCount "61"]
[TimeControl "1500+5"]

1. d4 d5 2. e3 Nc6 3. c3 Nf6 4. Bd3 Bg4 5. f3 Be6 6. h3 Bd7 7. f4 Ne4 8.
Qf3 Bf5 9. Nd2 e6 10. Nxe4 dxe4 11. Bxe4 Bxe4 12. Qxe4 Be7 13. Nf3 O-O 14.
O-O Qd5 15. Qxd5 exd5 16. Bd2 Nd8 17. Rf2 b6 18. Raf1 c5 19. f5 Nc6 20. Ne5
Nxe5 21. dxe5 d4 22. exd4 cxd4 23. cxd4 Bd8 24. Rf3 g6 25. fxg6 hxg6 26.
Bh6 Re8 27. Rxf7 Bh4 28. Rg7+ Kh8 29. Rf4 Be7 30. Rff7 Bb4 31. Rh7+ { Black
resigns } 1-0

[Event "ICC tourney 2533 (25 5)"]
[Site "Internet Chess Club"]
[Date "2021.04.24"]
[Round "3"]
[White "OVINDEE WADUTHANTHREE, THIHANSA:K09-16126955"]
[Black "E DUROST, BENJAMIN:K09-17214574"]
[Result "0-1"]
[ICCResult "White checkmated"]
[WhiteElo "1136"]
[BlackElo "444"]
[Opening "Scotch: Potter variation"]
[ECO "C45"]
[NIC "SO.05"]
[Time "15:11:58"]
[PlyCount "92"]
[TimeControl "1500+5"]

1. e4 e5 2. Nf3 Nc6 3. d4 exd4 4. Nxd4 Bc5 5. Nb3 Bb6 6. Nc3 Nf6 7. a4 a5
8. Bg5 d6 9. Nd5 Bxf2+ 10. Kxf2 Nxe4+ 11. Kg1 Nxg5 12. Bb5 O-O 13. Qd2 Ne5
14. Bf1 Ngf3+ 15. gxf3 Nxf3+ 16. Kf2 Nxd2 17. Nxd2 Qh4+ 18. Kg1 Qg5+ 19.
Bg2 Qxd2 20. Ne7+ Kh8 21. Rf1 Qe3+ 22. Rf2 Qxe7 23. Bf1 Qg5+ 24. Rg2 Qc5+
25. Rf2 Qg5+ 26. Rg2 Qe3+ 27. Rf2 Bh3 28. Bxh3 Qxh3 29. Rg2 Rfe8 30. Rg3
Qxg3+ 31. hxg3 Re1+ 32. Kg2 Rxh1 33. Kxh1 Ra6 34. Kg2 Rc6 35. Kf3 Rc4 36.
Ke3 Rxa4 37. Kd3 Rg4 38. Ke3 Rxg3+ 39. Kd4 Rg2 40. Kc3 b5 41. Kb3 c5 42. c3
a4+ 43. Ka2 b4 44. cxb4 cxb4 45. Ka1 b3 46. Kb1 Rg1# { White checkmated }
0-1

[Event "ICC tourney 2533 (25 5)"]
[Site "Internet Chess Club"]
[Date "2021.04.24"]
[Round "3"]
[White "GRANT, AROYAH:K09-16524840"]
[Black "MUTHUKUMAR, HAARI:K09-17128308"]
[Result "0-1"]
[ICCResult "White checkmated"]
[WhiteElo "596"]
[BlackElo "1152"]
[Opening "French: Rubinstein variation"]
[ECO "C10"]
[NIC "FR.07"]
[Time "15:12:49"]
[PlyCount "78"]
[TimeControl "1500+5"]

1. e4 e6 2. d4 d5 3. Nc3 dxe4 4. Nxe4 Nd7 5. Nf3 Ngf6 6. Nc3 b6 7. Bc4 Bb7
8. O-O Be7 9. Bf4 O-O 10. d5 exd5 11. Bxd5 Nxd5 12. Nxd5 Bxd5 13. Qxd5 Nf6
14. Qxd8 Raxd8 15. Bxc7 Rc8 16. Be5 Rxc2 17. Rfd1 Rfc8 18. Nd4 R2c5 19. Nb3
Rxe5 20. h3 h6 21. f4 Re2 22. Rab1 Rcc2 23. Nd4 Rxg2+ 24. Kf1 Rcf2+ 25. Ke1
Bb4+ 26. Rd2 Bxd2+ 27. Kd1 Rf1+ 28. Kc2 Bxf4+ 29. Kc3 Rxb1 30. b3 Be5 31.
Kc4 Bxd4 32. Kxd4 Rc1 33. Kd3 Rxa2 34. Ke3 Ra3 35. Kd4 Rxb3 36. Ke5 Rd3 37.
Kf4 Rc4+ 38. Ke5 Re4+ 39. Kf5 Rd5# { White checkmated } 0-1

[Event "ICC tourney 2533 (25 5)"]
[Site "Internet Chess Club"]
[Date "2021.04.24"]
[Round "3"]
[White "CARRASCO, CHRISTIAN:K09-15929632"]
[Black "THOMAS, JOHNATHAN:K09-16893496"]
[Result "1-0"]
[ICCResult "Black checkmated"]
[WhiteElo "1734"]
[BlackElo "927"]
[Opening "Ruy Lopez: Berlin defense, 4.O-O, d6"]
[ECO "C66"]
[NIC "RL.07"]
[Time "15:14:45"]
[PlyCount "113"]
[TimeControl "1500+5"]

1. e4 e5 2. Nf3 Nc6 3. Bb5 Nf6 4. O-O d6 5. d4 exd4 6. Nxd4 Bd7 7. Bg5 Be7
8. Bxc6 bxc6 9. Nc3 Nxe4 10. Bxe7 Nxc3 11. Bxd8 Nxd1 12. Bxc7 Nxb2 13.
Rfe1+ Be6 14. Bxd6 Rd8 15. Nxe6 fxe6 16. Rxe6+ Kd7 17. Rae1 Nc4 18. Bc5 Nb6
19. Re7+ Kc8 20. Rxa7 Rhe8 21. Rb1 Rd7 22. Bxb6 Rd5 23. Ra8+ Kd7 24. Rxe8
Kxe8 25. Re1+ Kd7 26. c4 Rd6 27. Bc5 Rd3 28. h3 Rc3 29. Re7+ Kd8 30. Rxg7
Rxc4 31. Bb6+ Kc8 32. Rxh7 Rc1+ 33. Kh2 Rc2 34. a4 Rc4 35. a5 Ra4 36. Rc7+
Kb8 37. Rxc6 Rh4 38. a6 Rh8 39. Rc7 Ka8 40. Kg3 Rg8+ 41. Kf4 Rf8+ 42. Ke5
Re8+ 43. Kd6 Rd8+ 44. Kc6 Rg8 45. h4 Rh8 46. h5 Kb8 47. g4 Ka8 48. f4 Rh6+
49. Kb5 Rh8 50. h6 Kb8 51. h7 Ka8 52. Bd4 Rb8+ 53. Kc6 Rd8 54. h8=Q Rxh8
55. Bxh8 Kb8 56. Bd4 Ka8 57. Rc8# { Black checkmated } 1-0

[Event "ICC tourney 2533 (25 5)"]
[Site "Internet Chess Club"]
[Date "2021.04.24"]
[Round "3"]
[White "K STAGE, HARRISON:K09-16011274"]
[Black "CLEM, THOMAS:K09-15706482"]
[Result "0-1"]
[ICCResult "White resigns"]
[WhiteElo "1427"]
[BlackElo "873"]
[Opening "QGD: exchange variation"]
[ECO "D35"]
[NIC "QO.16"]
[Time "15:13:05"]
[PlyCount "40"]
[TimeControl "1500+5"]

1. d4 d5 2. c4 e6 3. Nc3 Nf6 4. cxd5 exd5 5. Qb3 c5 6. Nf3 Nc6 7. e3 c4 8.
Qc2 Nb4 9. Qd1 Bf5 10. a3 Nc2+ 11. Kd2 Nxa1 12. Nh4 Bc2 13. Qe1 Bd6 14. f4
Ne4+ 15. Nxe4 Bxe4 16. Ke2 O-O 17. Kf2 Qxh4+ 18. g3 Qe7 19. Bg2 Nc2 20.
Bxe4 Nxe1 { White resigns } 0-1

[Event "ICC tourney 2533 (25 5)"]
[Site "Internet Chess Club"]
[Date "2021.04.24"]
[Round "3"]
[White "LASKOV, BENJAMIN:K09-16080648"]
[Black "KOLLIPARA, ADVAITH:K09-15014487"]
[Result "0-1"]
[ICCResult "White checkmated"]
[WhiteElo "927"]
[BlackElo "1648"]
[Opening "French: advance, Nimzovich system"]
[ECO "C02"]
[NIC "FR.03"]
[Time "15:12:45"]
[PlyCount "92"]
[TimeControl "1500+5"]

1. e4 e6 2. d4 d5 3. e5 c5 4. Nf3 Nc6 5. Bb5 Bd7 6. O-O cxd4 7. Nxd4 Nxe5
8. Bxd7+ Nxd7 9. Nc3 Ngf6 10. Bg5 Bc5 11. Nf3 O-O 12. a3 Rc8 13. Qd2 Nb6
14. Rfe1 Nc4 15. Qf4 Nxb2 16. Rab1 Bd6 17. Qh4 Rc4 18. Rxb2 Rxh4 19. Nxh4
Qc7 20. Bxf6 gxf6 21. Nf3 Qxc3 22. Rxb7 e5 23. Rd7 e4 24. Re3 Qa1+ 25. Re1
Qxa3 26. Re3 Qa4 27. Rxd6 exf3 28. gxf3 Re8 29. Rd3 Re5 30. f4 Qxf4 31.
Rg3+ Rg5 32. Rd8+ Kg7 33. Rxd5 Rxg3+ 34. hxg3 Qc1+ 35. Kg2 Qxc2 36. Rd4 a5
37. Rg4+ Kf8 38. Kg1 Qd1+ 39. Kg2 Qxg4 40. f3 Qd7 41. g4 a4 42. Kg3 a3 43.
f4 a2 44. g5 a1=Q 45. Kh4 Qe1+ 46. Kh5 Qh3# { White checkmated } 0-1

[Event "ICC tourney 2533 (25 5)"]
[Site "Internet Chess Club"]
[Date "2021.04.24"]
[Round "3"]
[White "NAGAICH, ARNAV:K09-16256926"]
[Black "Y NG, EUGENE:K09-17199947"]
[Result "1-0"]
[ICCResult "Black resigns"]
[WhiteElo "828"]
[BlackElo "1359"]
[Opening "Scandinavian defense"]
[ECO "B01"]
[NIC "SD.03"]
[Time "15:13:19"]
[PlyCount "109"]
[TimeControl "1500+5"]

1. e4 d5 2. exd5 Nf6 3. Nc3 c6 4. d4 cxd5 5. Nf3 Nc6 6. Bb5 Bg4 7. O-O e6
8. h3 Bh5 9. Qd3 Bd6 10. Ne5 Bg6 11. Nxg6 hxg6 12. Bg5 O-O 13. Rad1 Nb4 14.
Qd2 Qc7 15. Bxf6 gxf6 16. Bd3 Bf4 17. Qe2 Nxd3 18. Rxd3 Kg7 19. g3 Bd6 20.
Nb5 Qb6 21. Nxd6 Qxd6 22. Kg2 Qb6 23. Rb3 Qxd4 24. Rxb7 Rab8 25. Rxb8 Rxb8
26. b3 Rc8 27. Rd1 Qe4+ 28. Qxe4 dxe4 29. Rd2 f5 30. f3 e3 31. Re2 Kf6 32.
c4 Rd8 33. Kf1 Rd1+ 34. Re1 Rxe1+ 35. Kxe1 Ke5 36. Ke2 Kd4 37. c5 Kxc5 38.
Kxe3 e5 39. Kd3 Kd5 40. b4 g5 41. h4 gxh4 42. gxh4 e4+ 43. fxe4+ fxe4+ 44.
Ke3 Ke5 45. h5 f5 46. h6 Kf6 47. Kf4 Kg6 48. h7 Kxh7 49. a4 Kg7 50. b5 Kf7
51. a5 Ke7 52. b6 axb6 53. a6 e3 54. Kxe3 f4+ 55. Kxf4 { Black resigns }
1-0